2894 views
Uploaded 2023-09-06 13:26:32
Game version 1.36 (6115)
29:24 long 2on2 ladder game on (4)TwistedMeadows_S2_v1.1
Saved by GIGA
2894 views
Uploaded 2023-09-06 13:26:32
Game version 1.36 (6115)
29:24 long 2on2 ladder game on (4)TwistedMeadows_S2_v1.1


94 units @ 14.3k
/ 2.2k
83 buildings @ 9.5k
/ 5.3k
⇛
gDollaZ
(29:07) : 


| Lesser Clarity Potion | 1 | 70 |
| Scroll of Regeneration | 1 | 100 |
| Staff of Sanctuary | 1 | 250 |
| Scroll of Town Portal | 1 | 350 |
| Scroll of Healing | 1 | 250 |
| Potion of Lesser Invulnerability | 2 | 300 |
| Healing Salve | 1 | 100 |
| total: | 8 | 1420g |
| Peasant | 13 | 975 | / | 0 |
| Footman | 10 | 1350 | / | 0 |
| Priest | 3 | 405 | / | 30 |
| Knight | 1 | 245 | / | 60 |
| Dragonhawk Rider | 6 | 1200 | / | 180 |
| Gryphon Rider | 5 | 1400 | / | 350 |
| Mortar Team | 9 | 1620 | / | 630 |
| Goblin Shredder | 1 | 375 | / | 100 |
| total: | 48 | 7570g | / | 1350w |
| Scout Tower | 19 | 570 | / | 380 |
| Arcane Tower | 3 | 210 | / | 150 |
| Guard Tower | 13 | 910 | / | 650 |
| Altar of Kings | 1 | 180 | / | 50 |
| Farm | 11 | 880 | / | 220 |
| Barracks | 2 | 320 | / | 120 |
| Town Hall | 2 | 770 | / | 410 |
| Lumber Mill | 1 | 120 | / | 0 |
| Blacksmith | 1 | 140 | / | 60 |
| Arcane Vault | 4 | 520 | / | 120 |
| Arcane Sanctum | 3 | 450 | / | 420 |
| Gryphon Aviary | 3 | 420 | / | 450 |
| Workshop | 2 | 280 | / | 280 |
| Keep | 1 | 320 | / | 210 |
| Castle | 1 | 360 | / | 210 |
| total: | 49 | 4650g | / | 2510w |
| 0:01 | Peasant |
| 0:02 | Peasant |
| 0:10 | Altar of Kings |
| 0:19 | Farm |
| 0:21 | Barracks |
| 0:27 | Peasant |
| 0:41 | Peasant |
| 0:48 | Farm |
| 0:53 | Peasant |
| 1:03 | Peasant |
| 1:25 | Footman |
| 1:31 | Peasant |
| 1:39 | Footman |
| 2:02 | Farm |
| 2:06 | Footman |
| 2:18 | Summon Water Elemental |
| 3:00 | Farm |
| 3:03 | Brilliance Aura |
| 3:05 | Footman |
| 3:11 | Footman |
| 3:16 | Peasant |
| 3:30 | Peasant |
| 3:37 | Footman |
| 4:16 | Town Hall |
| 4:18 | Brilliance Aura |
| 4:22 | Scout Tower |
| 5:01 | Goblin Shredder |
| 5:55 | Footman |
| 5:55 | Footman |
| 6:35 | Keep |
| 6:39 | Lesser Clarity Potion |
| 6:43 | Healing Salve |
| 6:53 | Scout Tower |
| 6:56 | Lumber Mill |
| 6:59 | Scout Tower |
| 7:03 | Arcane Tower |
| 7:05 | Blacksmith |
| 7:07 | Peasant |
| 7:07 | Peasant |
| 7:17 | Arcane Vault |
| 7:23 | Arcane Vault |
| 7:26 | Scout Tower |
| 7:27 | Peasant |
| 7:28 | Peasant |
| 7:33 | Footman |
| 7:33 | Footman |
| 7:38 | Arcane Tower |
| 7:40 | Farm |
| 7:58 | Guard Tower |
| 8:00 | Scout Tower |
| 8:03 | Scout Tower |
| 8:05 | Guard Tower |
| 8:27 | Improved Masonry |
| 8:28 | Guard Tower |
| 8:45 | Scroll of Town Portal |
| 8:46 | Potion of Lesser Invulnerability |
| 8:46 | Scroll of Healing |
| 9:13 | Arcane Sanctum |
| 9:16 | Arcane Sanctum |
| 9:38 | Castle |
| 9:41 | Farm |
| 9:54 | Summon Water Elemental |
| 10:30 | Scout Tower |
| 10:34 | Priest |
| 10:45 | Iron Forged Swords |
| 10:50 | Storm Bolt |
| 11:09 | Priest |
| 11:21 | Arcane Sanctum |
| 11:22 | Advanced Masonry |
| 11:24 | Guard Tower |
| 11:33 | Priest |
| 11:46 | Guard Tower |
| 11:48 | Scout Tower |
| 11:51 | Barracks |
| 11:53 | Steel Forged Swords |
| 12:01 | Animal War Training |
| 12:01 | Knight |
| 12:20 | Magic Sentry |
| 12:45 | Gryphon Aviary |
| 12:49 | Gryphon Aviary |
| 12:51 | Guard Tower |
| 12:55 | Gryphon Aviary |
| 12:58 | Farm |
| 13:04 | Farm |
| 13:10 | Control Magic |
| 14:03 | Scout Tower |
| 14:07 | Cloud |
| 14:12 | Priest Adept Training |
| 14:13 | Sorceress Adept Training |
| 14:16 | Storm Hammers |
| 14:18 | Dragonhawk Rider |
| 14:18 | Dragonhawk Rider |
| 14:31 | Arcane Vault |
| 15:01 | Holy Light |
| 15:15 | Dragonhawk Rider |
| 15:16 | Dragonhawk Rider |
| 15:28 | Gryphon Rider |
| 15:53 | Guard Tower |
| 15:54 | Scout Tower |
| 15:58 | Gryphon Rider |
| 16:12 | Farm |
| 16:12 | Farm |
| 16:16 | Farm |
| 17:24 | Thunder Clap |
| 19:03 | Iron Plating |
| 19:05 | Gryphon Rider |
| 19:05 | Gryphon Rider |
| 19:05 | Gryphon Rider |
| 19:10 | Thunder Clap |
| 19:18 | Scroll of Regeneration |
| 19:25 | Scout Tower |
| 19:26 | Arcane Tower |
| 19:48 | Devotion Aura |
| 20:37 | Guard Tower |
| 20:38 | Scout Tower |
| 21:05 | Imbued Masonry |
| 21:09 | Workshop |
| 21:11 | Workshop |
| 21:32 | Potion of Lesser Invulnerability |
| 22:29 | Dragonhawk Rider |
| 22:55 | Guard Tower |
| 22:56 | Scout Tower |
| 23:02 | Fragmentation Shards |
| 23:02 | Flare |
| 23:03 | Barrage |
| 23:12 | Town Hall |
| 23:14 | Scout Tower |
| 23:15 | Scout Tower |
| 23:20 | Scout Tower |
| 23:51 | Guard Tower |
| 23:53 | Scout Tower |
| 24:10 | Scout Tower |
| 24:10 | Scout Tower |
| 24:21 | Guard Tower |
| 24:22 | Arcane Vault |
| 24:40 | Guard Tower |
| 24:50 | Mortar Team |
| 24:50 | Mortar Team |
| 24:50 | Mortar Team |
| 24:50 | Mortar Team |
| 24:59 | Dragonhawk Rider |
| 25:06 | Guard Tower |
| 25:25 | Staff of Sanctuary |
| 26:33 | Mortar Team |
| 26:33 | Mortar Team |
| 26:33 | Mortar Team |
| 28:33 | Mortar Team |
| 28:33 | Mortar Team |
| Select group | 3278 |
| Right click | 1941 |
| Select | 882 |
| Assign group | 357 |
| Misc. action | 284 |
| Build/train/purchase | 169 |
| Use ability | 44 |
| Minimap ping | 8 |
| Resource trade | 5 |
| Esc | 4 |
| Item give/drop | 3 |



| Healing Salve | 3 | 300 |
| Lesser Clarity Potion | 4 | 280 |
| Orb of Lightning | 1 | 375 |
| Tiny Great Hall | 1 | 600 |
| Scroll of Town Portal | 1 | 350 |
| Circlet of Nobility | 3 | 525 |
| total: | 13 | 2430g |
| Peon | 19 | 1425 | / | 0 |
| Grunt | 5 | 1000 | / | 0 |
| Wind Rider | 4 | 1060 | / | 160 |
| Spirit Walker | 2 | 390 | / | 70 |
| Shaman | 4 | 520 | / | 80 |
| Tauren | 3 | 840 | / | 240 |
| Kodo Beast | 1 | 255 | / | 60 |
| Troll Headhunter | 2 | 280 | / | 40 |
| Troll Berserker | 5 | 700 | / | 100 |
| Goblin Zeppelin | 1 | 240 | / | 60 |
| total: | 46 | 6710g | / | 810w |
| Watch Tower | 16 | 1760 | / | 1280 |
| Altar of Storms | 1 | 180 | / | 50 |
| Orc Burrow | 7 | 1120 | / | 280 |
| Barracks | 1 | 180 | / | 50 |
| Voodoo Lounge | 1 | 130 | / | 30 |
| War Mill | 1 | 205 | / | 0 |
| Great Hall | 1 | 385 | / | 185 |
| Beastiary | 3 | 435 | / | 420 |
| Tauren Totem | 2 | 270 | / | 310 |
| Spirit Lodge | 1 | 150 | / | 150 |
| Stronghold | 1 | 315 | / | 190 |
| Fortress | 2 | 650 | / | 380 |
| total: | 34 | 4815g | / | 2755w |
| 0:03 | Peon |
| 0:03 | Peon |
| 0:11 | Altar of Storms |
| 0:25 | Orc Burrow |
| 0:34 | Peon |
| 0:36 | Barracks |
| 0:43 | Peon |
| 0:54 | Peon |
| 0:54 | Peon |
| 1:20 | Peon |
| 1:33 | Peon |
| 1:38 | Grunt |
| 1:50 | Orc Burrow |
| 1:58 | Peon |
| 2:14 | Feral Spirit |
| 2:14 | Feral Spirit |
| 2:48 | Stronghold |
| 2:49 | Grunt |
| 3:16 | Voodoo Lounge |
| 3:31 | War Mill |
| 3:47 | Chain Lighting |
| 3:48 | Grunt |
| 3:52 | Orc Burrow |
| 4:38 | Healing Salve |
| 4:38 | Lesser Clarity Potion |
| 4:41 | Grunt |
| 5:09 | Circlet of Nobility |
| 5:17 | Beastiary |
| 5:40 | Feral Spirit |
| 6:36 | Grunt |
| 6:45 | Wind Rider |
| 6:49 | Tauren Totem |
| 6:52 | Healing Salve |
| 6:53 | Lesser Clarity Potion |
| 7:21 | Tauren Totem |
| 7:23 | Fortress |
| 7:27 | Endurance Aura |
| 7:53 | Wind Rider |
| 7:57 | Orc Burrow |
| 8:11 | Scroll of Town Portal |
| 8:16 | War Stomp |
| 8:25 | Berserker Strength |
| 8:44 | Spirit Walker Adept Training |
| 8:45 | Spirit Walker |
| 9:46 | Envenomed Spears |
| 9:50 | Spirit Lodge |
| 10:17 | Orc Burrow |
| 10:23 | Circlet of Nobility |
| 10:57 | Hex |
| 11:16 | Wind Rider |
| 11:18 | Shaman Adept Training |
| 11:19 | Shaman |
| 11:20 | Reinforced Defenses |
| 11:54 | Wind Rider |
| 12:22 | Peon |
| 12:22 | Peon |
| 13:12 | Peon |
| 13:12 | Peon |
| 13:16 | Endurance Aura |
| 13:17 | Chain Lighting |
| 13:22 | Shaman Master Training |
| 14:18 | Watch Tower |
| 14:19 | Watch Tower |
| 14:20 | Watch Tower |
| 14:27 | Circlet of Nobility |
| 14:41 | Shaman |
| 15:26 | Healing Wave |
| 15:26 | Healing Wave |
| 15:33 | Great Hall |
| 15:52 | Watch Tower |
| 16:04 | Watch Tower |
| 17:24 | Tauren |
| 17:27 | Kodo Beast |
| 18:50 | Peon |
| 18:50 | Peon |
| 18:58 | Tauren |
| 18:59 | Shaman |
| 19:10 | Healing Salve |
| 19:19 | Lesser Clarity Potion |
| 19:21 | Lesser Clarity Potion |
| 19:33 | Shaman |
| 19:34 | Tauren |
| 19:38 | Troll Headhunter |
| 19:38 | Berserker Upgrade |
| 19:39 | Troll Headhunter |
| 20:03 | Orb of Lightning |
| 20:12 | Spirit Walker |
| 20:16 | Watch Tower |
| 20:20 | Watch Tower |
| 20:22 | Beastiary |
| 21:08 | Troll Berserker |
| 21:12 | Orc Burrow |
| 21:16 | Orc Burrow |
| 21:22 | Watch Tower |
| 21:28 | Beastiary |
| 21:37 | Steel Ranged Weapons |
| 21:37 | Steel Armor |
| 22:16 | Goblin Zeppelin |
| 22:41 | Tiny Great Hall |
| 23:13 | Peon |
| 23:17 | Watch Tower |
| 23:18 | Watch Tower |
| 23:43 | Troll Berserker |
| 24:08 | Troll Berserker |
| 24:18 | Healing Wave |
| 24:20 | War Stomp |
| 24:23 | Watch Tower |
| 24:48 | Watch Tower |
| 24:59 | Peon |
| 24:59 | Peon |
| 25:39 | Watch Tower |
| 25:40 | Watch Tower |
| 25:44 | Watch Tower |
| 25:47 | Peon |
| 25:53 | Troll Berserker |
| 25:55 | Watch Tower |
| 26:29 | Troll Berserker |
| 27:54 | Feral Spirit |
| 27:54 | Feral Spirit |
| 27:54 | Feral Spirit |
| Right click | 1343 |
| Select group | 1126 |
| Select | 494 |
| Misc. action | 400 |
| Build/train/purchase | 161 |
| Use ability | 96 |
| Assign group | 68 |
| Item give/drop | 7 |
| Minimap ping | 5 |
| Esc | 2 |
72 units @ 7.4k
/ 1k
101 buildings @ 9.4k
/ 4.5k


| Peasant | 24 | 1800 | / | 0 |
| Footman | 6 | 810 | / | 0 |
| Mortar Team | 3 | 540 | / | 210 |
| Flying Machine | 20 | 2000 | / | 600 |
| Goblin Zeppelin | 1 | 240 | / | 60 |
| total: | 54 | 5390g | / | 870w |
| Scout Tower | 37 | 1110 | / | 740 |
| Arcane Tower | 3 | 210 | / | 150 |
| Guard Tower | 15 | 1050 | / | 750 |
| Altar of Kings | 1 | 180 | / | 50 |
| Barracks | 1 | 160 | / | 60 |
| Farm | 18 | 1440 | / | 360 |
| Lumber Mill | 2 | 240 | / | 0 |
| Town Hall | 2 | 770 | / | 410 |
| Blacksmith | 1 | 140 | / | 60 |
| Arcane Vault | 2 | 260 | / | 60 |
| Workshop | 3 | 420 | / | 420 |
| Keep | 1 | 320 | / | 210 |
| Castle | 1 | 360 | / | 210 |
| total: | 67 | 4720g | / | 2160w |
| 0:01 | Peasant |
| 0:04 | Altar of Kings |
| 0:16 | Peasant |
| 0:17 | Barracks |
| 0:22 | Farm |
| 0:24 | Peasant |
| 0:30 | Peasant |
| 0:47 | Peasant |
| 0:51 | Farm |
| 1:12 | Peasant |
| 1:21 | Lumber Mill |
| 1:24 | Footman |
| 1:29 | Scout Tower |
| 1:47 | Footman |
| 1:58 | Farm |
| 2:02 | Arcane Tower |
| 2:03 | Peasant |
| 2:11 | Storm Bolt |
| 2:22 | Peasant |
| 2:25 | Footman |
| 2:54 | Peasant |
| 3:02 | Peasant |
| 3:07 | Improved Lumber Harvesting |
| 3:08 | Peasant |
| 3:47 | Bash |
| 3:52 | Town Hall |
| 3:54 | Scout Tower |
| 3:55 | Scout Tower |
| 3:57 | Scout Tower |
| 4:03 | Peasant |
| 4:04 | Peasant |
| 4:20 | Peasant |
| 4:23 | Guard Tower |
| 4:24 | Scout Tower |
| 4:25 | Scout Tower |
| 4:39 | Guard Tower |
| 4:45 | Peasant |
| 4:53 | Arcane Tower |
| 4:56 | Scout Tower |
| 5:02 | Scout Tower |
| 5:18 | Peasant |
| 6:04 | Storm Bolt |
| 6:33 | Footman |
| 6:35 | Peasant |
| 6:37 | Keep |
| 6:39 | Scout Tower |
| 6:40 | Scout Tower |
| 6:41 | Guard Tower |
| 6:53 | Improved Masonry |
| 6:57 | Footman |
| 7:26 | Footman |
| 7:52 | Guard Tower |
| 7:55 | Blacksmith |
| 8:00 | Scout Tower |
| 8:00 | Scout Tower |
| 8:02 | Scout Tower |
| 8:03 | Scout Tower |
| 8:42 | Guard Tower |
| 8:58 | Castle |
| 9:06 | Goblin Zeppelin |
| 9:13 | Workshop |
| 9:15 | Workshop |
| 9:20 | Workshop |
| 9:22 | Guard Tower |
| 9:28 | Scout Tower |
| 9:29 | Scout Tower |
| 9:30 | Scout Tower |
| 9:49 | Advanced Lumber Harvesting |
| 10:04 | Black Gunpowder |
| 10:16 | Guard Tower |
| 10:35 | Flak Cannons |
| 10:45 | Holy Light |
| 11:18 | Flare |
| 11:19 | Fragmentation Shards |
| 11:19 | Flying Machine Bombs |
| 11:36 | Farm |
| 11:36 | Farm |
| 11:37 | Farm |
| 11:38 | Farm |
| 11:39 | Farm |
| 11:45 | Peasant |
| 11:45 | Peasant |
| 11:45 | Peasant |
| 12:00 | Arcane Tower |
| 12:12 | Lumber Mill |
| 12:25 | Refined Gunpowder |
| 12:28 | Farm |
| 12:41 | Farm |
| 13:04 | Mortar Team |
| 13:06 | Mortar Team |
| 13:12 | Farm |
| 13:14 | Farm |
| 13:30 | Advanced Masonry |
| 13:35 | Guard Tower |
| 14:07 | Flying Machine |
| 14:08 | Flying Machine |
| 14:09 | Flying Machine |
| 15:41 | Flying Machine |
| 15:41 | Flying Machine |
| 15:42 | Flying Machine |
| 15:42 | Flying Machine |
| 15:42 | Flying Machine |
| 15:43 | Flying Machine |
| 16:27 | Farm |
| 16:28 | Farm |
| 16:31 | Farm |
| 17:19 | Healing Wave |
| 17:56 | Flying Machine |
| 17:56 | Flying Machine |
| 17:56 | Flying Machine |
| 17:57 | Flying Machine |
| 17:57 | Flying Machine |
| 18:18 | Bash |
| 18:21 | Healing Wave |
| 18:28 | Divine Shield |
| 18:51 | Flying Machine |
| 18:51 | Flying Machine |
| 18:55 | Scout Tower |
| 18:56 | Scout Tower |
| 19:17 | Flying Machine |
| 19:19 | Farm |
| 19:26 | Peasant |
| 19:26 | Peasant |
| 19:49 | Farm |
| 19:52 | Farm |
| 19:56 | Guard Tower |
| 19:59 | Scout Tower |
| 20:04 | Peasant |
| 20:04 | Peasant |
| 20:24 | Imbued Gunpowder |
| 20:27 | Guard Tower |
| 20:28 | Scout Tower |
| 21:06 | Scout Tower |
| 21:08 | Guard Tower |
| 22:14 | Scout Tower |
| 22:17 | Flying Machine |
| 22:18 | Flying Machine |
| 22:19 | Flying Machine |
| 22:22 | Iron Plating |
| 22:27 | Guard Tower |
| 23:34 | Mortar Team |
| 23:35 | Steel Plating |
| 23:44 | Imbued Masonry |
| 23:49 | Guard Tower |
| 23:52 | Scout Tower |
| 23:52 | Scout Tower |
| 23:53 | Scout Tower |
| 23:54 | Scout Tower |
| 24:28 | Arcane Vault |
| 24:30 | Arcane Vault |
| 24:42 | Storm Bolt |
| 24:44 | Hex |
| 24:55 | Scout Tower |
| 24:55 | Scout Tower |
| 24:56 | Scout Tower |
| 24:56 | Scout Tower |
| 24:57 | Scout Tower |
| 24:57 | Scout Tower |
| 24:58 | Scout Tower |
| 24:58 | Scout Tower |
| 25:00 | Scout Tower |
| 25:01 | Scout Tower |
| 25:03 | Town Hall |
| 25:16 | Guard Tower |
| 26:30 | Guard Tower |
| 27:44 | Divine Shield |
| Right click | 1173 |
| Select | 419 |
| Select group | 234 |
| Build/train/purchase | 118 |
| Use ability | 61 |
| Misc. action | 59 |
| Assign group | 23 |
| Resource trade | 10 |
| Minimap ping | 2 |
| Esc | 1 |


| Healing Salve | 3 | 300 |
| Orb of Lightning | 1 | 375 |
| Lesser Clarity Potion | 1 | 70 |
| Staff of Teleportation | 1 | 150 |
| Boots of Speed | 1 | 250 |
| total: | 7 | 1145g |
| Peon | 12 | 900 | / | 0 |
| Grunt | 3 | 600 | / | 0 |
| Raider | 3 | 540 | / | 120 |
| total: | 18 | 2040g | / | 120w |
| Watch Tower | 21 | 2310 | / | 1680 |
| Altar of Storms | 1 | 180 | / | 50 |
| Orc Burrow | 5 | 800 | / | 200 |
| Barracks | 1 | 180 | / | 50 |
| Voodoo Lounge | 2 | 260 | / | 60 |
| War Mill | 2 | 410 | / | 0 |
| Great Hall | 1 | 385 | / | 185 |
| Beastiary | 1 | 145 | / | 140 |
| Stronghold | 1 | 315 | / | 190 |
| Fortress | 1 | 325 | / | 190 |
| total: | 34 | 4670g | / | 2365w |
| 0:03 | Peon |
| 0:03 | Peon |
| 0:06 | Altar of Storms |
| 0:14 | Orc Burrow |
| 0:21 | Peon |
| 0:35 | Barracks |
| 0:49 | Peon |
| 1:00 | Peon |
| 1:20 | Peon |
| 1:25 | Orc Burrow |
| 1:27 | Peon |
| 1:46 | Grunt |
| 1:55 | Peon |
| 2:07 | Voodoo Lounge |
| 2:13 | Wind Walk |
| 2:27 | Grunt |
| 2:49 | Peon |
| 3:04 | Stronghold |
| 3:13 | Healing Salve |
| 3:41 | War Mill |
| 3:45 | Critical Strike |
| 3:51 | Grunt |
| 4:56 | Watch Tower |
| 4:57 | Watch Tower |
| 5:03 | Watch Tower |
| 5:04 | Watch Tower |
| 5:17 | Healing Salve |
| 5:37 | Orc Burrow |
| 6:32 | Watch Tower |
| 6:33 | Watch Tower |
| 6:36 | Fortress |
| 6:53 | Reinforced Defenses |
| 7:29 | Staff of Teleportation |
| 7:30 | Boots of Speed |
| 7:33 | Wind Walk |
| 7:45 | Watch Tower |
| 7:47 | Watch Tower |
| 7:51 | Steel Ranged Weapons |
| 8:04 | Hex |
| 8:14 | Watch Tower |
| 9:07 | Healing Salve |
| 9:11 | Orb of Lightning |
| 9:29 | Watch Tower |
| 9:32 | Watch Tower |
| 9:33 | Watch Tower |
| 9:51 | Watch Tower |
| 9:53 | Watch Tower |
| 10:38 | Peon |
| 10:38 | Peon |
| 11:07 | War Mill |
| 12:48 | Beastiary |
| 12:52 | Watch Tower |
| 13:03 | Lesser Clarity Potion |
| 14:22 | Ensnare |
| 14:23 | Raider |
| 14:23 | Raider |
| 14:24 | Raider |
| 14:41 | Orc Burrow |
| 15:05 | Critical Strike |
| 15:41 | Voodoo Lounge |
| 18:07 | Great Hall |
| 18:13 | Watch Tower |
| 18:14 | Watch Tower |
| 18:15 | Watch Tower |
| 18:55 | Watch Tower |
| 18:57 | Watch Tower |
| 18:57 | Watch Tower |
| 19:38 | Holy Light |
| 22:27 | Orc Burrow |
| 23:24 | Critical Strike |
| 24:35 | Peon |
| 28:48 | Bladestorm |
| Right click | 2403 |
| Select group | 1114 |
| Select | 369 |
| Build/train/purchase | 66 |
| Resource trade | 31 |
| Assign group | 23 |
| Use ability | 17 |
| Minimap ping | 12 |
| Item give/drop | 4 |
| Remove unit | 2 |
| Misc. action | 1 |
| Esc | 1 |